 Dungeon Crawl Stone Soup version 0.19.1 (webtiles) character file.

60 Illmatic the Conjurer (level 3, -4/26 HPs)
             Began as a Demigod Conjurer on Dec 17, 2016.
             Slain by a worm (8 damage)
             ... on level 2 of the Dungeon.
             The game lasted 00:04:53 (1820 turns).

Illmatic the Conjurer (Demigod Conjurer)            Turns: 1820, Time: 00:04:53

Health: -4/26      AC:  3    Str: 11    XL:     3   Next: 55%
Magic:  6/9        EV: 13    Int: 21    God:
Gold:   52         SH:  0    Dex: 16    Spells: 1 memorised, 6 levels left

rFire  . . .     SeeInvis .     t - +0 falchion
rCold  . . .     Gourm    .     a - +0 robe
rNeg   . . .     Faith    .     (no shield)
rPois  .         Spirit   .     (no helmet)
rElec  .         Reflect  .     p - +0 cloak
rCorr  .         Harm     .     (no gloves)
MR     .....                    (no boots)
Stlth  ++........               (no amulet)
                                (no ring)
                                (no ring)

@: exhausted, slowed, very slow
A: high mp 1
a: no special abilities


You were on level 2 of the Dungeon.
You were hungry.

You visited 1 branch of the dungeon, and saw 2 of its levels.

You collected 52 gold pieces.

Inventory:

Hand Weapons
 d - a +0 short sword
 t - a +0 falchion (weapon)
Armour
 a - a +0 robe (worn)
 p - a +0 cloak (worn)
Jewellery
 l - an uncursed amulet of faith
Scrolls
 h - a scroll of blinking
 k - 4 scrolls of identify
 m - a scroll of enchant weapon {unknown}
 n - a scroll of noise {unknown}
 q - a scroll of remove curse {unknown}
 r - a scroll of recharging {unknown}
 s - a scroll of magic mapping {unknown}
Potions
 e - 2 potions of mutation
 o - a potion of haste {unknown}
Books
 b - a book of Conjurations

   Spells                             Type                      Level
   a - Magic Dart                     Conjuration                  1
   b - Searing Ray                    Conjuration                  2
   c - Dazzling Spray                 Conjuration/Hexes            3
   d - Fulminant Prism                Conjuration/Hexes            4
   e - Iskenderun's Mystic Blast      Conjuration                  4
   f - Iskenderun's Battlesphere      Conjuration/Charms           5
Comestibles
 c - a bread ration
 g - 2 meat rations


   Skills:
 + Level 2.3 Dodging
 - Level 1.7 Stealth
 * Level 2.6 Spellcasting
 * Level 4.1 Conjurations


You had 6 spell levels left.
You knew the following spells:

 Your Spells              Type           Power        Failure   Level  Hunger
a - Magic Dart            Conj           ###.         2%          1    None


Dungeon Overview and Level Annotations

Branches:
Dungeon (2/15)


Innate Abilities, Weirdness & Mutations

You have an increased reservoir of magic. (+10% MP)


Message History

Casting: Magic Dart
Confirm with . or Enter, or press ? or * to list all spells.
Aiming: Magic Dart
Press: ? - help, Shift-Dir - straight line, f/p - worm
Aim: a worm (lightly wounded)
The magic dart hits the worm.
The worm is moderately wounded.
The worm barely misses you.
Things that are here:
a hobgoblin corpse; a frilled lizard corpse
Found 12 stones.
A worm comes into view.
You are feeling hungry.
An adder comes into view.
The adder hisses angrily.
The adder barely misses you. The worm barely misses you.
The adder barely misses you.
You riposte.
You hit the adder.
The adder is severely wounded.
The worm bites you!
You die...

#.....# #.....####
######†#.#.# ###.......
#....†.#.#...
..#...####
#....###.###....#...#
#...............#.#####
#....###.###...
#.###.## #......#w#
#.##.... ######.#.#.#
#####.## #.@w..# #.#
#..S..##########.##
#.....##..>........
#....(##.#######w##
###+###...######.#
#....w..)# #...########
##.## #.


You could see 2 worms and an adder.

Vanquished Creatures
  2 adders (D:2)
  A worm (D:2)
  A leopard gecko (D:1)
  A ball python (D:1)
  A giant cockroach (D:1)
  4 goblins
  6 hobgoblins
  2 jackals (D:2)
  6 kobolds
  3 bats (D:1)
  3 frilled lizards
  6 rats
36 creatures vanquished.

Notes
Turn   | Place    | Note
-------+----------+-------------------------------------------
     0 | D:1      | Illmatic the Demigod Conjurer began the quest for the Orb.
     0 | D:1      | Reached XP level 1. HP: 14/14 MP: 5/5
   358 | D:1      | Reached XP level 2. HP: 20/20 MP: 5/7
  1103 | D:2      | Found a stormy altar of Qazlal.
  1255 | D:2      | Reached XP level 3. HP: 21/26 MP: 4/9
  1777 | D:2      | Reached skill level 4 in Conjurations
  1802 | D:2      | HP: 1/26 [poisoned by an adder]
  1820 | D:2      | Slain by a worm

Skill      XL: |  1  2  3 |
---------------+----------+-----
Spellcasting   | 2 |  2.6
Dodging        | 2 |  2.3
Conjurations   | 4 |  4.1
Stealth        | |  1.7

Action                   || total
-------------------------++-------
Melee: Short sword       ||    13
       Falchion          ||    14
 Cast: Magic Dart        ||    68
  Use: Scroll            ||     3
       Potion            ||     2
  Eat: Pizza             ||     1
       Chunk             ||     1
Armor: Robe              ||    14
Dodge: Dodged            ||    61
       Rpst.: Falchion   ||     2
